 Dungeon Crawl Stone Soup version 0.22-a0-422-g9628fc87f1 (webtiles) character file.

6864 Kriby the Archer (level 11, -8/83 HPs)
             Began as a Gnoll Wanderer on May 20, 2018.
             Was a Believer of Makhleb.
             Mangled by a two-headed ogre
             ... wielding a cursed -1 giant club
              (18 damage)
             ... on level 9 of the Dungeon.
             The game lasted 00:23:20 (11432 turns).

Kriby the Archer (Gnoll Wanderer)                  Turns: 11432, Time: 00:23:21

Health: -8/83      AC: 14    Str: 19    XL:     11   Next: 6%
Magic:  19/19      EV:  8    Int: 15    God:    Makhleb [**....]
Gold:   378        SH:  0    Dex: 13    Spells: 21/21 levels left

rFire    . . .     SeeInvis .   a - +0 shortbow
rCold    . . .     Gourm    .   (shield currently unavailable)
rNeg     . . .     Faith    .   o - +0 plate armour
rPois    .         Spirit   .   (no helmet)
rElec    .         Reflect  .   q - scarf {repulsion}
rCorr    .         Harm     .   z - +1 pair of gloves (curse)
MR       .....                  (no boots)
Stlth    ..........             (no amulet)
HPRegen  0.23/turn              (no ring)
MPRegen  0.16/turn              (no ring)

@: drained, repel missiles
A: distributed training, fangs 1, strong nose
a: Minor Destruction, Renounce Religion


You were on level 9 of the Dungeon.
You worshipped Makhleb.
Makhleb was pleased with you.
You were not hungry.

You visited 2 branches of the dungeon, and saw 10 of its levels.

You collected 378 gold pieces.

Inventory:

Hand Weapons
 a - a +0 shortbow (weapon)
 b - a +1 dagger of venom
 d - a +1 dagger of speed
Missiles
 p - 71 arrows (quivered)
Armour
 e - a +0 robe
 n - a +0 leather armour
 o - a +0 plate armour (worn)
 q - a scarf of repulsion (worn)
 z - a cursed +1 pair of gloves (worn)
Jewellery
 y - an uncursed ring of poison resistance {unknown}
Scrolls
 g - 6 scrolls of teleportation {unknown}
 h - 8 scrolls of remove curse {unknown}
 j - a scroll of magic mapping
 l - 5 scrolls of identify {unknown}
 w - a scroll of amnesia
Potions
 c - 3 potions of curing {@q1}
Comestibles
 f - 18 rations {@e1}


   Skills:
 + Level 6.4(5.9) Fighting
 + Level 5.8(5.3) Short Blades
 + Level 5.8(5.3) Long Blades
 + Level 5.8(5.3) Axes
 + Level 5.8(5.3) Maces & Flails
 + Level 5.8(5.3) Polearms
 + Level 5.8(5.3) Staves
 + Level 5.8(5.3) Slings
 + Level 8.8(8.3) Bows
 + Level 5.8(5.3) Crossbows
 + Level 6.4(5.9) Throwing
 + Level 6.4(5.9) Armour
 + Level 5.8(5.3) Dodging
 + Level 6.3(5.8) Stealth
 + Level 5.8(5.3) Shields
 + Level 5.8(5.3) Unarmed Combat
 + Level 5.8(5.3) Spellcasting
 + Level 5.3(4.8) Conjurations
 + Level 6.2(5.7) Hexes
 + Level 4.8(4.3) Charms
 + Level 4.8(4.3) Summonings
 + Level 4.8(4.3) Necromancy
 + Level 4.8(4.3) Translocations
 + Level 4.8(4.3) Transmutations
 + Level 4.8(4.3) Fire Magic
 + Level 4.8(4.3) Ice Magic
 + Level 4.8(4.3) Air Magic
 + Level 4.8(4.3) Earth Magic
 + Level 4.8(4.3) Poison Magic
 + Level 6.3(5.9) Invocations
 + Level 5.8(5.3) Evocations


You had 21 spell levels left.
You didn't know any spells.
Your spell library contained the following spells:

 Spells                   Type           Power        Failure   Level  Hunger
 Confuse                  Hex            ###.....     77%         3    ###....
 Tukima's Dance           Hex            ###.....     77%         3    ###....
 Recall                   Summ/Tloc      N/A          91%         3    ###....
 Ensorcelled Hibernation  Hex/Ice        ###...       63%         2    #......
 Summon Butterflies       Summ           ###.....     58%         1    None
 Corona                   Hex            ###....      38%         1    None
 Dazzling Spray           Conj/Hex       ###...       83%         3    ###....


Dungeon Overview and Level Annotations

Branches:
Dungeon (9/15)             Temple (1/1) D:6
   Lair: D:8-11         Orc: D:9-12

Altars:
Ashenzari
Cheibriados
Dithmenos
Elyvilon
Fedhas
Gozag
Hepliaklqana
Kikubaaqudgha
Makhleb
Nemelex Xobeh
Okawaru
Qazlal
Ru
Sif Muna
Trog
Uskayaw
Vehumet
Wu Jian
Xom
Yredelemnul
Zin
The Shining One


Innate Abilities, Weirdness & Mutations

Your experience applies equally to all skills.
You have very sharp teeth.
Your uncanny sense of smell can sniff out nearby items.


Message History

The two-headed ogre is lightly wounded.
You barely miss the two-headed ogre.
The two-headed ogre is lightly wounded.
The two-headed ogre hits you with a giant club!!
* * * LOW HITPOINT WARNING * * *
The two-headed ogre barely misses you.
You hit the two-headed ogre.
The two-headed ogre is moderately wounded.
You see here an arrow.
The two-headed ogre hits you with a giant club!
* * * LOW HITPOINT WARNING * * *
The two-headed ogre hits you but does no damage.
You see here an arrow.
You see here an arrow.
Things that are here:
a giant club x2
Your +1 dagger of venom stops dripping with poison.
a - a +0 shortbow (weapon)
The two-headed ogre hits you with a giant club!!
You die...

######## #......# #.....(#
#......##########....
#######.......@............
...............O...........
...........#####..........#
.......<...# #..........#
...........# #..........#
..)........+ #..........#
...........#####..........#
...........(((.)..........#
.........(......(..........


You could see a two-headed ogre.

Vanquished Creatures
  2 two-headed ogres
  2 death yaks
  Pikel (D:8)
  3 hogs (D:8)
  A yak (D:8)
  Grum (D:8)
  A human (D:8)
  Duvessa (D:7)
  A porcupine (D:8)
  A hornet zombie (D:5)
  2 sky beasts (D:8)
  An ice beast (D:5)
  2 phantoms (D:7)
  3 slaves (D:8)
  2 ogres
  3 wolves (D:8)
  A centaur (D:5)
  A gnoll sergeant (D:8)
  2 bullfrogs
  A wyvern skeleton (D:7)
  2 scorpions
  Dowan (D:7)
  3 killer bees (D:8)
  2 jellies (D:7)
  6 howler monkeys
  2 crimson imps
  A gnoll shaman (D:5)
  3 hounds
  A centaur skeleton (D:4)
  An orc priest (D:5)
  2 orc wizards
  2 bullfrog skeletons
  Ijyb (D:4)
  3 hell rats
  7 worker ants
  A hound zombie (D:6)
  A hound skeleton (D:6)
  A howler monkey zombie (D:8)
  11 gnolls
  10 adders
  2 river rats (D:9)
  2 shadow imps
  7 worms
  3 dart slugs
  7 leopard geckos
  28 orcs
  2 ball pythons
  3 giant cockroaches
  14 goblins
  7 hobgoblins
  8 jackals
  3 kobolds
  3 quokkas
  10 bats
  2 frilled lizards
  A leopard gecko skeleton (D:6)
  A leopard gecko zombie (D:5)
  A quokka zombie (D:6)
  8 rats
205 creatures vanquished.

Vanquished Creatures (others)
  A slave (D:8)
1 creature vanquished.

Grand Total: 206 creatures vanquished

Notes
Turn   | Place    | Note
-------+----------+-------------------------------------------
     0 | D:1      | Kriby the Gnoll Wanderer began the quest for the Orb.
     0 | D:1      | Kriby set off with: a +0 shortbow, 25 arrows, a +0 robe, a ration {@e1}
     0 | D:1      | Reached XP level 1. HP: 17/17 MP: 1/1
   426 | D:1      | Reached XP level 2. HP: 23/23 MP: 2/2
  1020 | D:2      | Reached XP level 3. HP: 28/28 MP: 3/3
  1117 | D:2      | Reached skill level 1 in Invocations
  1258 | D:2      | Reached skill level 1 in Short Blades
  1258 | D:2      | Reached skill level 1 in Long Blades
  1258 | D:2      | Reached skill level 1 in Axes
  1258 | D:2      | Reached skill level 1 in Maces & Flails
  1258 | D:2      | Reached skill level 1 in Polearms
  1258 | D:2      | Reached skill level 1 in Staves
  1258 | D:2      | Reached skill level 1 in Slings
  1258 | D:2      | Reached skill level 1 in Crossbows
  1258 | D:2      | Reached skill level 1 in Dodging
  1258 | D:2      | Reached skill level 1 in Shields
  1258 | D:2      | Reached skill level 1 in Unarmed Combat
  1258 | D:2      | Reached skill level 1 in Spellcasting
  1258 | D:2      | Reached skill level 1 in Evocations
  1356 | D:2      | Reached XP level 4. HP: 34/34 MP: 5/5
  1539 | D:2      | Reached skill level 1 in Charms
  1539 | D:2      | Reached skill level 1 in Summonings
  1539 | D:2      | Reached skill level 1 in Necromancy
  1539 | D:2      | Reached skill level 1 in Translocations
  1539 | D:2      | Reached skill level 1 in Transmutations
  1539 | D:2      | Reached skill level 1 in Fire Magic
  1539 | D:2      | Reached skill level 1 in Ice Magic
  1539 | D:2      | Reached skill level 1 in Air Magic
  1539 | D:2      | Reached skill level 1 in Earth Magic
  1539 | D:2      | Reached skill level 1 in Poison Magic
  1732 | D:2      | Found an ornate altar of the Wu Jian Council.
  1848 | D:3      | Reached XP level 5. HP: 40/40 MP: 6/6
  2447 | D:3      | Found a glowing silver altar of Zin.
  2798 | D:4      | Noticed Ijyb
  2882 | D:4      | Killed Ijyb
  2914 | D:4      | Reached XP level 6. HP: 47/47 MP: 8/8
  3071 | D:4      | Found a snail-covered altar of Cheibriados.
  3711 | D:4      | Reached XP level 7. HP: 52/52 MP: 10/10
  3851 | D:5      | Entered Level 5 of the Dungeon
  3918 | D:5      | Reached skill level 7 in Bows
  5020 | D:5      | Reached XP level 8. HP: 60/60 MP: 12/12
  5294 | D:5      | Found a hazy altar of Hepliaklqana.
  5433 | D:5      | Found a shadowy altar of Dithmenos.
  5534 | D:6      | Found a snail-covered altar of Cheibriados.
  5557 | D:6      | Found a bloodstained altar of Trog.
  5566 | D:6      | Found a staircase to the Ecumenical Temple.
  5574 | Temple   | Entered the Ecumenical Temple
  5808 | Temple   | Became a worshipper of Makhleb the Destroyer
  5976 | D:6      | Found an iron altar of Okawaru.
  6022 | D:6      | Found a shattered altar of Ashenzari.
  6197 | D:6      | Found a shimmering altar of Xom.
  6272 | D:6      | Found a sparkling altar of Nemelex Xobeh.
  6315 | D:6      | Found a glowing golden altar of the Shining One.
  6412 | D:7      | Noticed Dowan
  6429 | D:7      | Killed Dowan
  6435 | D:7      | Noticed Duvessa
  6454 | D:7      | Killed Duvessa
  7252 | D:7      | Reached * piety under Makhleb
  7267 | D:7      | Reached XP level 9. HP: 58/66 MP: 14/14
  7422 | D:7      | Found a blossoming altar of Fedhas.
  7474 | D:7      | Reached skill level 5 in Hexes
  7687 | D:7      | Found an ancient bone altar of Kikubaaqudgha.
  8069 | D:8      | Noticed Grum
  8086 | D:8      | Killed Grum
  8638 | D:8      | Reached skill level 5 in Fighting
  8638 | D:8      | Reached skill level 5 in Throwing
  8638 | D:8      | Reached skill level 5 in Armour
  8893 | D:8      | Reached skill level 5 in Stealth
  9009 | D:8      | Reached skill level 8 in Bows
  9014 | D:8      | Reached skill level 5 in Invocations
  9172 | D:8      | Reached XP level 10. HP: 33/74 MP: 17/17
  9598 | D:8      | Noticed Pikel
  9613 | D:8      | Killed Pikel
  9655 | D:8      | Reached ** piety under Makhleb
  9659 | D:8      | Reached skill level 5 in Short Blades
  9659 | D:8      | Reached skill level 5 in Long Blades
  9659 | D:8      | Reached skill level 5 in Axes
  9659 | D:8      | Reached skill level 5 in Maces & Flails
  9659 | D:8      | Reached skill level 5 in Polearms
  9659 | D:8      | Reached skill level 5 in Staves
  9659 | D:8      | Reached skill level 5 in Slings
  9659 | D:8      | Reached skill level 5 in Crossbows
  9659 | D:8      | Reached skill level 5 in Dodging
  9659 | D:8      | Reached skill level 5 in Shields
  9659 | D:8      | Reached skill level 5 in Unarmed Combat
  9659 | D:8      | Reached skill level 5 in Spellcasting
  9659 | D:8      | Reached skill level 5 in Evocations
  9955 | D:8      | Found a blossoming altar of Fedhas.
 10250 | D:8      | Noticed a two-headed ogre
 10257 | D:8      | Killed a two-headed ogre
 10436 | D:9      | Noticed a death yak
 10446 | D:9      | Noticed a death yak
 10456 | D:9      | Noticed a death yak
 10458 | D:9      | Killed a death yak
 10458 | D:9      | Reached skill level 5 in Conjurations
 10662 | D:8      | Killed a death yak
 10986 | D:9      | Noticed a two-headed ogre
 11017 | D:9      | Killed a two-headed ogre
 11017 | D:9      | Reached XP level 11. HP: 53/82 MP: 19/19
 11044 | D:9      | Noticed a two-headed ogre
 11074 | D:8      | HP: 5/124 [porcupine (5)]
 11082 | D:8      | HP: 3/124 [porcupine (4)]
 11082 | D:8      | HP: 1/124 [porcupine (2)]
 11432 | D:9      | Mangled by a two-headed ogre

Vault maps used:
D:1:      lemuel_arrival_behind_the_door_large
D:2:      nicolae_overflow_crystal_walls, first_ration
D:3:      marbit_many_paths
D:4:      lemuel_doored_altar, uniq_ijyb
D:5:      lemuel_crystal_altar, grunt_dithmenos_shadows
D:6:      cheibrodos_ashenzari_chains, okawaru_gym_becter, nemelex_altar_shiori,
          minitemple, minmay_temple_entry_large_hall, basic_altar, tso_altar
D:7:      kiku_gazebo_pond_becter, basic_altar, uniq_duvessa
D:8:      overflow_temple_1_default, nicolae_ossuary_entry_ruins,
          grunt_livestock, kennysheep_potato, uniq_pikel, uniq_grum
D:9:      dpeg_lair_monsters
Temple:   compressed_dpeg_triangle_lava_temple

Skill      XL: |  1  2  3  4  5  6  7  8  9 10 |
---------------+-------------------------------+-----
Conjurations   | 2 3 4 5 |  5.3
Invocations    | 1 2 3 4 5 6 |  6.3
Short Blades   | 1 2 3 4 5 |  5.8
Long Blades    | 1 2 3 4 5 |  5.8
Axes           | 1 2 3 4 5 |  5.8
Maces & Flails | 1 2 3 4 5 |  5.8
Polearms       | 1 2 3 4 5 |  5.8
Staves         | 1 2 3 4 5 |  5.8
Slings         | 1 2 3 4 5 |  5.8
Crossbows      | 1 2 3 4 5 |  5.8
Dodging        | 1 2 3 4 5 |  5.8
Shields        | 1 2 3 4 5 |  5.8
Unarmed Combat | 1 2 3 4 5 |  5.8
Spellcasting   | 1 2 3 4 5 |  5.8
Evocations     | 1 2 3 4 5 |  5.8
Charms         | 1 2 3 4 |  4.8
Summonings     | 1 2 3 4 |  4.8
Necromancy     | 1 2 3 4 |  4.8
Translocations | 1 2 3 4 |  4.8
Transmutations | 1 2 3 4 |  4.8
Fire Magic     | 1 2 3 4 |  4.8
Ice Magic      | 1 2 3 4 |  4.8
Air Magic      | 1 2 3 4 |  4.8
Earth Magic    | 1 2 3 4 |  4.8
Poison Magic   | 1 2 3 4 |  4.8
Fighting       | 3 4 5 6 |  6.4
Throwing       | 3 4 5 6 |  6.4
Armour         | 3 4 5 6 |  6.4
Hexes          | 4 5 6 |  6.2
Stealth        | 3 4 5 6 |  6.3
Bows           | 7 8 |  8.8

Action                   |  1- 3 |  4- 6 |  7- 9 | 10-12 || total
-------------------------+-------+-------+-------+-------++-------
Melee: Dagger            |       |    15 |   139 |   126 ||   280
       Unarmed           |       |     4 |       |       ||     4
       Bite              |       |     2 |    18 |    21 ||    41
       Punch             |       |       |       |     1 ||     1
 Fire: Shortbow          |   109 |   224 |   440 |    83 ||   856
Evoke: Wand              |       |       |     9 |     7 ||    16
  Use: Scroll            |       |       |     6 |     1 ||     7
       Potion            |       |       |     4 |     5 ||     9
  Eat: Chunk             |     1 |     7 |    13 |     5 ||    26
       Ration            |       |       |     1 |     1 ||     2
Armor: Robe              |    10 |       |       |       ||    10
       Plate armour      |    15 |    65 |   203 |    66 ||   349
       Skin              |       |       |       |     8 ||     8
Dodge: Dodged            |    10 |    32 |   109 |    49 ||   200

Table legend:
 A = Spawn XP
 B = Non-spawn XP
 C = Spawn XP percentage of total XP
 D = Spawn monster count
 E = Non-spawn monster count
 F = Spawn count percentage of total count
 G = Total turns spent on level
                    A         B        C        D         E        F      G
               +---------+---------+-------+---------+---------+-------+---------
         Total |       0 |    9806 |   0.0 |       0 |     202 |   0.0 | 11432
               +---------+---------+-------+---------+---------+-------+---------
           D:1 |       0 |      20 |   0.0 |       0 |      11 |   0.0 |   898
           D:2 |       0 |     134 |   0.0 |       0 |      32 |   0.0 |   927
           D:3 |       0 |     101 |   0.0 |       0 |      30 |   0.0 |  1030
           D:4 |       0 |     491 |   0.0 |       0 |      19 |   0.0 |  1538
           D:5 |       0 |     680 |   0.0 |       0 |      25 |   0.0 |  1097
           D:6 |       0 |     303 |   0.0 |       0 |      19 |   0.0 |   618
           D:7 |       0 |     846 |   0.0 |       0 |      14 |   0.0 |  1599
           D:8 |       0 |    5143 |   0.0 |       0 |      40 |   0.0 |  3173
           D:9 |       0 |    2088 |   0.0 |       0 |      12 |   0.0 |   302
               +---------+---------+-------+---------+---------+-------+---------
